 Dungeon Crawl Stone Soup version 0.17-a0-1515-gfae3d72 (webtiles) character file.

2976 amnekian the Nimble (level 9, -5/39 HPs)
             Began as a Spriggan Venom Mage on July 12, 2015.
             Slain by Joseph
             ... wielding a +0 quarterstaff
              (19 damage)
             ... on level 7 of the Dungeon.
             The game lasted 00:33:04 (8266 turns).

amnekian the Nimble (Spriggan Venom Mage)           Turns: 8266, Time: 00:33:05

Health: -5/39      AC:  7    Str:  5    XL:     9   Next: 53%
Magic:  26/31      EV: 26    Int: 18    God:
Gold:   214        SH:  0    Dex: 17    Spells: 2 memorised, 20 levels left

rFire  . . .     SeeInvis +     x - +0 whip (freeze)
rCold  . . .     Clarity  .     A - +2 robe {MR+}
rNeg   . . .     SustAt   .     (shield restricted)
rPois  .         Gourm    .     (helmet restricted)
rElec  .         Spirit   .     m - +2 cloak {MR+}
rCorr  .         Warding  .     (gloves unavailable)
rMut   .         Stasis   .     (boots unavailable)
MR     +++..                    (no amulet)
Stlth  +++++.....               f - ring of magical power
                                p - ring of wizardry

@: lethally poisoned (-5 -> -7), very slightly contaminated, very quick,
extremely resistant to hostile enchantments, quite stealthy
A: unfitting armour, see invisible, herbivore 3, speed 3, slow metabolism 2
a: no special abilities


You were on level 7 of the Dungeon.
You were full.

You visited 1 branch of the dungeon, and saw 7 of its levels.

You collected 214 gold pieces.

Inventory:

Hand weapons
 l - a +1 dagger of venom
 n - a +2 quarterstaff of chaos
 u - a +0 blowgun
 x - a +0 whip of freezing (weapon)
Missiles
 v - 10 poisoned needles
Armour
 m - a +2 cloak of magic resistance (worn)
 A - a +2 robe of magic resistance (worn)
Jewellery
 f - a ring of magical power (right hand)
 p - a ring of wizardry (left hand)
 z - an uncursed ring of protection from magic {unknown}
Magical devices
 q - a wand of frost (22)
 D - a wand of lightning (9)
Scrolls
 d - 5 scrolls of remove curse
 i - 2 scrolls of teleportation
 o - 2 scrolls of identify
 t - 2 scrolls of amnesia
 w - a scroll of blinking
 y - a scroll of magic mapping
Potions
 e - 5 potions of curing
 g - 2 potions of might
 h - 4 potions of heal wounds
 j - 2 potions of haste
 k - 2 potions of brilliance {unknown}
 r - 2 potions of lignification {unknown}
Books
 b - a Young Poisoner's Handbook

   Spells                             Type                      Level
   a - Sting                          Conjuration/Poison           1
   b - Cure Poison                    Poison                       2
   c - Mephitic Cloud                 Conjuration/Poison/Air       3
   d - Olgreb's Toxic Radiance        Poison                       4
   e - Venom Bolt                     Conjuration/Poison           5
Comestibles
 c - 5 bread rations
 s - 3 fruits


   Skills:
 * Level 1.2 Maces & Flails
 - Level 10.1 Dodging
 - Level 9.8 Stealth
 - Level 8.1 Spellcasting
 - Level 2.8 Air Magic
 - Level 5.6 Poison Magic
 - Level 5.8 Evocations


You had 20 spell levels left.
You knew the following spells:

 Your Spells              Type           Power        Failure   Level  Hunger
a - Sting                 Conj/Pois      ###.         1%          1    None
b - Mephitic Cloud        Conj/Pois/Air  ###.....     4%          3    #......


Dungeon Overview and Level Annotations

Branches:
Dungeon (7/15)
 Temple: D:4-7

Altars:
Ashenzari
Elyvilon
Fedhas
Kikubaaqudgha
Qazlal
Sif Muna

Annotations:
D:5 exclusion: skeleton
D:7 Joseph


Innate Abilities, Weirdness & Mutations

You are tiny and cannot use many weapons and most armour.
You have supernaturally acute eyesight.
You are a herbivore.
You cover ground extremely quickly.
You need consume almost no food.


Message History

The orc is almost dead.
You feel sick.
You kill the orc!
You feel sick.
You hit Joseph but do no damage.
Joseph is severely wounded.
You feel sick.
You strike the helpless Joseph from behind!
You hit Joseph but do no damage.
Joseph is severely wounded.
Joseph seems less confused.
Joseph hits you with an uncursed quarterstaff!
You hit Joseph. You freeze Joseph.
Joseph is almost dead.
You feel sick.
Joseph hits you with an uncursed quarterstaff.
You closely miss Joseph.
Joseph is almost dead.
Joseph hits you with an uncursed quarterstaff!!
You die...

#.#..(.@...o@.
#.............
#############. .......
..# ###....# #.# #
.......# #.#.#
#.....###'#.#
#......@.#.#
.######.....@..#.#
...........)...#.#
...................
####.#####.....#.## ..
#.###.#.#
###.#####.###.#.#######
.....................
....###.)....)####### #
.. #####........#


You could see Joseph.

Vanquished Creatures
  Pikel (D:7)
  6 yaks
  Eustachio (D:4)
  Duvessa (D:4)
  2 black bears
  A phantom (D:5)
  2 sky beasts
  2 slaves
  2 ogres
  A centaur (D:6)
  Dowan (D:4)
  A scorpion (D:5)
  A jelly (D:6)
  A hound (D:6)
  A giant frog skeleton (D:5)
  5 orc wizards
  Crazy Yiuf (D:2)
  Ijyb (D:2)
  An orc priest (D:3)
  A centaur skeleton (D:5)
  2 worker ants
  A hound zombie (D:6)
  5 gnolls
  7 adders
  An adder zombie (D:6)
  An adder skeleton (D:6)
  2 worms
  5 giant geckos
  13 orcs
  15 bats
  A bat skeleton (D:5)
  3 bat zombies
  10 giant cockroaches
  9 goblins
  8 hobgoblins
  13 jackals
  A quokka (D:2)
  2 ball pythons
  A ball python zombie (D:5)
  A giant gecko zombie (D:6)
  7 giant newts
  A jackal skeleton (D:5)
  12 kobolds
  10 rats
164 creatures vanquished.

Notes
Turn   | Place    | Note
--------------------------------------------------------------
     0 | D:1      | amnekian the Spriggan Venom Mage began the quest for the Orb.
     0 | D:1      | Reached XP level 1. HP: 9/9 MP: 5/5
   199 | D:1      | Reached XP level 2. HP: 13/13 MP: 0/6
   988 | D:1      | Reached skill level 5 in Poison Magic
   988 | D:1      | Reached XP level 3. HP: 16/16 MP: 6/8
  1509 | D:2      | Noticed Ijyb
  1617 | D:2      | Killed Ijyb
  1617 | D:2      | Reached XP level 4. HP: 15/21 MP: 0/9
  2002 | D:2      | Noticed Crazy Yiuf
  2039 | D:2      | Killed Crazy Yiuf
  2304 | D:3      | Noticed an ice beast
  2609 | D:3      | Learned a level 3 spell: Mephitic Cloud
  2751 | D:3      | Found a stormy altar of Qazlal.
  2753 | D:3      | Noticed a fire elemental
  2754 | D:3      | Noticed an air elemental
  2754 | D:3      | Noticed a water elemental
  2866 | D:3      | Reached skill level 5 in Dodging
  2925 | D:3      | Reached skill level 1 in Air Magic
  2925 | D:3      | Reached XP level 5. HP: 24/24 MP: 5/10
  4167 | D:4      | Reached XP level 6. HP: 28/28 MP: 11/11
  4424 | D:4      | Found an ancient bone altar of Kikubaaqudgha.
  4425 | D:4      | Found a blossoming altar of Fedhas.
  4428 | D:4      | Noticed Eustachio
  4451 | D:4      | Killed Eustachio
  4451 | D:4      | Reached skill level 5 in Spellcasting
  4505 | D:4      | Noticed Duvessa
  4506 | D:4      | Noticed Dowan
  4522 | D:4      | Killed Duvessa
  4522 | D:4      | Reached XP level 7. HP: 30/32 MP: 16/16
  4543 | D:4      | Killed Dowan
  4543 | D:4      | Reached skill level 6 in Spellcasting
  4601 | D:4      | Found a shattered altar of Ashenzari.
  4601 | D:4      | Found a white marble altar of Elyvilon.
  4637 | D:5      | Entered Level 5 of the Dungeon
  5026 | D:5      | Reached skill level 7 in Spellcasting
  5125 | D:5      | Reached skill level 8 in Spellcasting
  5246 | D:5      | Noticed a centaur skeleton
  5457 | D:6      | Reached XP level 8. HP: 32/36 MP: 21/21
  5495 | D:6      | Reached skill level 5 in Stealth
  6204 | D:6      | Noticed a yak
  6208 | D:6      | Noticed a yak
  6210 | D:6      | Noticed a yak
  6212 | D:6      | Noticed a yak
  6215 | D:6      | Noticed a yak
  6529 | D:5      | Killed a yak
  6650 | D:6      | Noticed a yak
  6659 | D:6      | Killed a yak
  6898 | D:7      | Noticed Joseph
  7113 | D:5      | Killed a yak
  7113 | D:5      | Reached skill level 9 in Dodging
  7387 | D:5      | Killed a yak
  7387 | D:5      | Reached XP level 9. HP: 39/39 MP: 22/22
  7837 | D:5      | Killed a yak
  7837 | D:5      | Reached skill level 10 in Dodging
  7906 | D:5      | Killed a yak
  7946 | D:7      | Found a deep blue altar of Sif Muna.
  7953 | D:7      | Noticed Pikel
  8081 | D:7      | Killed Pikel
  8081 | D:7      | Reached skill level 5 in Evocations
  8171 | D:7      | Reached skill level 1 in Maces & Flails
  8266 | D:7      | Slain by Joseph

Vault maps used:
D:1:      eino_arrival_cavern_e
D:2:      uniq_iyjb, uniq_crazy_yiuf_cottage
D:3:      nicolae_qazlal_style_of_elements
D:4:      grunt_temple_overflow_growth_and_decay,
          gammafunk_temple_overflow_wave, first_bread, uniq_duvessa,
          uniq_eustachio
D:5:      serial_undead, serial_undead_d, serial_undead_f, serial_undead_b,
          serial_undead_d, sigmund_army
D:7:      nicolae_overflow_crystal_walls, lemuel_doored_altar, temple_hall,
          uniq_joseph, uniq_pikel

Action                   |  1- 3 |  4- 6 |  7- 9 || total
-------------------------+-------+-------+-------++-------
Melee: Dagger            |       |    93 |   333 ||   426
       Whip              |       |       |    49 ||    49
 Cast: Sting             |    89 |    67 |   153 ||   309
       Mephitic Cloud    |       |     4 |    11 ||    15
  Use: Potion            |     1 |       |       ||     1
       Scroll            |       |     6 |     7 ||    13
 Stab: Sleeping          |       |     6 |    10 ||    16
       Confused          |       |     3 |     6 ||     9
       Distracted        |       |       |     2 ||     2
  Eat: Royal jelly       |       |     1 |       ||     1
       Pizza             |       |       |     1 ||     1
       Fruit             |       |       |     2 ||     2
       Bread ration      |       |       |     1 ||     1
